 Dungeon Crawl Stone Soup version 0.30-a0-824-g6c64550be9 (webtiles) character file.

Game seed: 1139868873084772303

224 Pimp the Sneak (level 6, 0/42 HPs)
             Began as an Octopode Brigand on Feb 27, 2023.
             Slain by a jelly (3 damage)
             ... on level 4 of the Dungeon.
             The game lasted 00:07:46 (2291 turns).

Pimp the Sneak (Octopode Brigand)                   Turns: 2291, Time: 00:07:46

Health: 0/42       AC:  1    Str: 10    XL:     6   Next: 0%
Magic:  5/5        EV: 13    Int: 17    God:
Gold:   137        SH:  0    Dex: 15    Spells: 2/5 levels left

rFire   . . .      SeeInvis .    a - +3 dagger
rCold   + . .      Faith    .    h - orb {*Rage}
rNeg    . . .      Spirit   .    d - +0 hat "Nismello" {rPois rC+ Int+3}
rPois   +          Reflect  .    (no amulet)
rElec   .          Harm     .    (no ring)
rCorr   .          Rampage  .    (no ring)
Will    +....      Rage     20%  (no ring)
Stlth   ++++                     (no ring)
HPRegen 0.27/turn                (no ring)
MPRegen 0.09/turn                (no ring)
                                 (no ring)
                                 (no ring)

@: on berserk cooldown, slowed, very slow
A: almost no armour, amphibious, 8 rings, camouflage 1, gelatinous body 1,
(nimble swimmer 1), tentacles, low MP 1, strong-willed 1, screaming 1
a: no special abilities


You were on level 4 of the Dungeon.
You visited 1 branch of the dungeon, and saw 4 of its levels.

You collected 137 gold pieces.

Inventory:

Hand Weapons
 a - a +3 dagger (weapon)
Missiles
 b - 19 poisoned darts (quivered)
 c - 3 curare-tipped darts
Armour
 d - the +0 hat "Nismello" (worn) {rPois rC+ Int+3}
   (You acquired it on level 1 of the Dungeon)

   Int:       It affects your intelligence (+3).
   rC:        It protects you from cold.
   rPois:     It protects you from poison.
 h - an orb of wrath (worn)
Wands
 n - a wand of flame (16)
Scrolls
 e - a scroll of magic mapping
 l - a scroll of identify
 m - 2 scrolls of noise {unknown}
 o - a scroll of fear {unknown}
Potions
 i - a potion of heal wounds {unknown}
 j - 2 potions of attraction {unknown}


   Skills:
 + Level 3.1 Fighting
 + Level 3.1 Short Blades
 + Level 3.1 Throwing
 + Level 2.5 Dodging
 + Level 6.3 Stealth
 + Level 0.3 Spellcasting


You had 2 spell levels left.
You knew the following spells:

 Your Spells              Type           Power      Damage    Failure   Level
a - Beastly Appendage     Tmut           0%         N/A       22%         1
b - Wereblood             Tmut           0%         N/A       34%         2

Your spell library contained the following spells:

 Spells                   Type           Power      Damage    Failure   Level
 Ensorcelled Hibernation  Hex/Ice        0%         N/A       34%         2
 Passwall                 Tmut/Erth      0%         N/A       34%         2
 Spider Form              Tmut/Pois      0%         N/A       56%         3
 Swiftness                Air            0%         N/A       56%         3
 Anguish                  Hex/Necr       0%         N/A       92%         4
 Alistair's Intoxication  Tmut/Pois      0%         N/A       99%         5
 Arcjolt                  Conj/Air       0%         1d10      99%         5
 Freezing Cloud           Conj/Ice/Air   0%         6-21      99%         5


Dungeon Overview and Level Annotations

Branches:
Dungeon (4/15)
 Temple: D:4-7

Altars:
Hepliaklqana
Makhleb
Ru
Vehumet


Innate Abilities, Weirdness & Mutations

You cannot wear most types of armour.
You are amphibious.
You can wear up to eight rings at the same time.
Your skin changes colour to match your surroundings (Stealth+).
Your rubbery body absorbs attacks. (AC +1, EV +1)
((You are camouflaged when in or above water. (Stealth+)))
You have tentacles for arms and can constrict up to eight enemies at once.
Your magical capacity is low. (-10% MP)
You are strong-willed. (Will+)
You occasionally shout uncontrollably at your foes.


Message History

You kill the goblin!
You puncture the goblin!
You kill the goblin!
The gnoll misses you.
You puncture the goblin!
You kill the goblin!
You have reached level 6!
You hit the hobgoblin.
You kill the hobgoblin!
The gnoll hits you from afar with a +0 spear!
The gnoll closely misses you.
You hit the gnoll but do no damage. Your grab misses the gnoll.
You squeeze the gnoll!
The gnoll is almost dead.
You are no longer berserk.
You are exhausted.
You feel yourself slow down. The gnoll closely misses you.
The hobgoblin barely misses you. The gnoll barely misses you.
You hit the hobgoblin. Your grab misses the hobgoblin.
The hobgoblin is almost dead.
The jelly barely misses you. The gnoll hits you with a +0 whip.
The hobgoblin closely misses you. The gnoll misses you.
The hobgoblin misses you.
The gnoll hits you from afar with a +0 spear.
The gnoll barely misses you. The gnoll hits you with a +0 whip.
You see here a +0 club.
The gnoll attacks as you move away! The gnoll hits you with a +0 whip.
The gnoll attacks as you move away! The gnoll hits you with a +0 flail!
* * * LOW HITPOINT WARNING * * *
The jelly attacks as you move away! The jelly hits you but does no damage.
The hobgoblin closely misses you.
The hobgoblin hits you but does no damage.
The gnoll hits you with a +0 whip.
* * * LOW HITPOINT WARNING * * *
The jelly barely misses you. The gnoll attacks as you move away!
The gnoll misses you. The hobgoblin hits you.
* * * LOW HITPOINT WARNING * * *
The hobgoblin misses you. The jelly hits you.
You die...

... .......
...##.....
#........
.##...... #
......... .#
........## #.#
#.......##..#
#.....<.....#
##......@....#
.......Jg###.# .##
..#....ggg###.....
. #......).)......
..........))..#...
.##...............
##..............
......#.........
#...#..#.........


You could see a jelly, 3 gnolls and a hobgoblin.

Vanquished Creatures
  Jessica (D:2)
  An orc wizard (D:3)
  Terence (D:2)
  Robin (D:4)
  A gnoll (D:1)
  4 adders
  A worm (D:2)
  4 dart slugs
  6 orcs
  6 ball pythons
  6 bats
  6 endoplasms
  A giant cockroach (D:3)
  13 goblins
  7 hobgoblins
  4 jackals (D:1)
  2 quokkas
  3 frilled lizards
  3 kobolds
  7 rats
78 creatures vanquished.

Notes
Turn   | Place    | Note
-------+----------+-------------------------------------------
     0 | D:1      | Pimp the Octopode Brigand began the quest for the Orb.
     0 | D:1      | Reached XP level 1. HP: 14/14 MP: 1/1
    32 | D:1      | Got the Compilation of Befouled Turbulence
    33 | D:1      | Identified a scroll of acquirement
    33 | D:1      | Acquired the +0 hat "Nismello" {rPois rC+ Int+3}
   177 | D:1      | Reached XP level 2. HP: 19/19 MP: 2/2
   269 | D:1      | Reached XP level 3. HP: 13/24 MP: 3/3
   679 | D:2      | Reached XP level 4. HP: 16/30 MP: 4/4
   871 | D:2      | Noticed Terence
   874 | D:2      | Gained mutation: Your spells are a little easier to cast,
                  | but a little less powerful. [potion of mutation]
   874 | D:2      | Gained mutation: Your spells are easier to cast, but less
                  | powerful. [potion of mutation]
   885 | D:2      | Killed Terence
   935 | D:2      | Learned a level 1 spell: Beastly Appendage
  1090 | D:2      | Lost mutation: Your spells are easier to cast, but less
                  | powerful. [potion of mutation]
  1090 | D:2      | Lost mutation: Your spells are a little easier to cast, but
                  | a little less powerful. [potion of mutation]
  1090 | D:2      | Gained mutation: Your magical capacity is low. (-10% MP)
                  | [potion of mutation]
  1090 | D:2      | Gained mutation: You occasionally shout uncontrollably at
                  | your foes. [potion of mutation]
  1090 | D:2      | Gained mutation: You are strong-willed. (Will+) [potion of
                  | mutation]
  1157 | D:2      | Noticed Jessica
  1162 | D:2      | Killed Jessica
  1163 | D:2      | Reached skill level 6 in Stealth
  1163 | D:2      | Reached XP level 5. HP: 36/36 MP: 4/4
  1174 | D:2      | Identified the +1 pair of boots of Dup Ulaxto {Will+ Int+2}
  1478 | D:3      | Found a sacrificial altar of Ru.
  1505 | D:3      | Found a burning altar of Makhleb.
  1615 | D:3      | Found a radiant altar of Vehumet.
  1722 | D:3      | Found a faded altar of an unknown god.
  1723 | D:3      | Found a hazy altar of Hepliaklqana.
  2056 | D:3      | Learned a level 2 spell: Wereblood
  2269 | D:4      | Noticed Robin
  2281 | D:4      | Killed Robin
  2285 | D:4      | Reached XP level 6. HP: 42/42 MP: 5/5
  2290 | D:4      | HP: 2/42 [hobgoblin (5)]
  2291 | D:4      | Slain by a jelly

Illustrated notes

Levels and vault maps discovered:
D:1:      saegor_arrival_under_anarchy, layout_basic
D:2:      layout_loops_ring, minmay_pentomino_q2, uniq_terence, uniq_jessica
D:3:      layout_basic, hangedman_ru_absence,
          beargit_hepliaklqana_dungeon_heroes, general_overflow_altar,
          mainiacjoe_overflow_alcove_2, st_stairs_14
D:4:      layout_cave_pools, amcnicky_mini_corridor_feature,
          kennysheep_cross_bottleneck, minivault_23, minmay_misc_feat_doors,
          kennysheep_generic_room_15, uniq_robin

Skill      XL: |  1  2  3  4  5 |
---------------+----------------+-----
Dodging        | 2 |  2.5
Stealth        | 6 |  6.3
Throwing       | 3 |  3.1
Short Blades   | 3 |  3.1
Fighting       | 3 |  3.1
Spellcasting   | |  0.3

Action                     |  1- 3 |  4- 6 || total
---------------------------+-------+-------++-------
  Melee: Dagger            |    66 |    73 ||   139
         Tentacles         |     9 |    13 ||    22
         Constrict         |     7 |    14 ||    21
         Punch             |     1 |     1 ||     2
    Use: Scroll            |     5 |     4 ||     9
         Potion            |     1 |     3 ||     4
   Stab: Sleeping          |    12 |     8 ||    20
 Armour: Skin              |    16 |     6 ||    22
  Dodge: Dodged            |    33 |    54 ||    87

Table legend: (Time is in decaauts)
 A = Elapsed time spent in this place.
 B = Non-inter-level travel time spent in this place.
 C = Inter-level travel time spent in this place.
 D = Time resting spent in this place.
 E = Time spent auto-exploring this place.
 F = Levels seen in this place.
 G = Mean time per level.
                   A        B        C        D        E       F      G
               +--------+--------+--------+--------+--------+-----+--------+
         Total |   2333 |   2237 |     96 |    367 |   1331 |   4 |  583.2 |
       Dungeon |   2333 |   2237 |     96 |    367 |   1331 |   4 |  583.2 |
               +--------+--------+--------+--------+--------+-----+--------+

Top non-repeatable levels by time:
     D:3: 959 daAuts
     D:2: 750 daAuts
     D:1: 586 daAuts
     D:4: 37 daAuts
